 Dungeon Crawl Stone Soup version 0.17.1-1-g73c8601 (console) character file.

123 Kloppie the Skirmisher (level 4, -2/41 HPs)
             Began as a Centaur Berserker on Dec 20, 2015.
             Was a Priest of Trog.
             Slain by a kobold
             ... wielding a +0 short sword
              (4 damage)
             ... on level 3 of the Dungeon.
             The game lasted 00:02:56 (2806 turns).

Kloppie the Skirmisher (Centaur Berserker)          Turns: 2806, Time: 00:02:56

Health: -2/41      AC:  6    Str: 19    XL:     4   Next: 79%
Magic:  4/4        EV:  7    Int:  6    God:    Trog [***...]
Gold:   209        SH:  0    Dex: 10    Spells: 0 memorised, 3 levels left

rFire  . . .     SeeInvis .     a - +0 hand axe
rCold  . . .     Clarity  .     w - +0 scale mail
rNeg   . . .     SustAt   .     (no shield)
rPois  .         Gourm    .     (no helmet)
rElec  .         Spirit   .     (no cloak)
rCorr  .         Warding  .     (no gloves)
rMut   .         Stasis   .     (no barding)
MR     ++...                    (no amulet)
Stlth  ..........               (no ring)
                                (no ring)

@: lethally poisoned (-2 -> -3), regenerating, slowed, very resistant to hostile
enchantments, extremely unstealthy
A: hooves 3, deformed body, speed 2, tough skin 3
a: Berserk, Trog's Hand, Burn Spellbooks, Renounce Religion


You were on level 3 of the Dungeon.
You worshipped Trog.
Trog was most pleased with you.
You were hungry.

You visited 1 branch of the dungeon, and saw 3 of its levels.

You collected 209 gold pieces.

Inventory:

Hand Weapons
 a - a +0 hand axe (weapon)
Armour
 w - a +0 scale mail (worn)
Jewellery
 m - an uncursed ring of poison resistance {unknown}
 s - an uncursed ring of poison resistance {unknown}
Scrolls
 d - a scroll of amnesia {unknown}
 e - a scroll of random uselessness {unknown}
 g - a scroll of fog {unknown}
 h - a scroll of enchant armour {unknown}
 j - 2 scrolls of remove curse {unknown}
 k - a scroll of identify {unknown}
 l - 3 scrolls of blinking {unknown}
 o - a scroll of enchant weapon {unknown}
 v - a scroll of magic mapping {unknown}
Potions
 i - a potion of brilliance {unknown}
 n - a potion of might {unknown}
 p - a potion of flight {unknown}
 r - a potion of cancellation {unknown}
 t - a potion of lignification {unknown}
Comestibles
 c - 2 bread rations
 q - a slice of pizza
 u - 3 chunks of flesh


   Skills:
 + Level 4.4 Fighting
 + Level 4.0 Axes
 - Level 1.3 Armour
 - Level 1.3 Dodging


You had 3 spell levels left.
You didn't know any spells.

Dungeon Overview and Level Annotations

Branches:
Dungeon (3/15)

Altars:


Innate Abilities, Weirdness & Mutations

You have hooves in place of feet.
Armour fits poorly on your strangely shaped body.
You cover ground very quickly.
You have extremely tough skin (AC +3).


Message History

The kobold unwields an uncursed blowgun.
The kobold wields an uncursed short sword.
The kobold barely misses you.
Things that are here:
a whip; a kobold corpse You hit the kobold.
The kobold is heavily wounded.
You feel sick. The kobold hits you but does no damage.
The kobold barely misses you.
You are feeling hungry.
You hit the kobold.
The kobold is almost dead.
You feel sick.
The kobold hits you with an uncursed short sword.
* * * LOW HITPOINT WARNING * * *
You barely miss the kobold. You kick the kobold, but do no damage.
The kobold is severely wounded.
You feel sick.
The kobold hits you with an uncursed short sword.
You die...

####........#
#......##<#.....
#####..###........)##
#..................##
#.........#..##....##
#!.......#... ##....#
#........##># #.....
#...K....### ##..##
#..<@# #%.# #...(#
#..## #..(.# #....
####.# #.... #.#
#..#. #.# #..## #.#
#.## #.# ###.# #.#
#...#


You could see a kobold.

Vanquished Creatures
  5 adders
  4 worms
  A giant gecko (D:2)
  2 orcs (D:3)
  3 ball pythons
  5 bats
  5 giant cockroaches
  4 goblins
  2 hobgoblins
  10 jackals
  5 giant newts
  7 kobolds
  2 quokkas (D:2)
  9 rats
64 creatures vanquished.

Notes
Turn   | Place    | Note
--------------------------------------------------------------
     0 | D:1      | Kloppie the Centaur Berserker began the quest for the Orb.
     0 | D:1      | Reached XP level 1. HP: 19/19 MP: 1/1
   247 | D:1      | Reached XP level 2. HP: 26/26 MP: 2/2
   414 | D:1      | Reached ** piety under Trog
   813 | D:2      | Reached XP level 3. HP: 12/31 MP: 3/3
  1772 | D:2      | Reached skill level 4 in Fighting
  1814 | D:2      | Reached XP level 4. HP: 40/40 MP: 4/4
  2539 | D:3      | Reached *** piety under Trog
  2805 | D:3      | HP: 2/41 [kobold/uncursed short sword (3)]
  2806 | D:3      | Slain by a kobold

Action                   |  1- 3 |  4- 6 || total
-------------------------+-------+-------++-------
Melee: Hand axe          |   127 |    76 ||   203
Invok: Berserk           |     2 |     1 ||     3
       Trog's Hand       |     1 |     1 ||     2
  Use: Potion            |       |     1 ||     1
  Eat: Chunk             |     4 |     4 ||     8
